 Dungeon Crawl Stone Soup version 0.31-a0-977-gc230f8ef24 (webtiles) character file.

Game seed: 14194246839519197623

532 zenocrate the Sneak (level 7, -14/32 HPs)
             Began as a Vine Stalker Enchanter on Oct 29, 2023.
             Demolished by an ogre
             ... wielding a +0 giant club
              (33 damage)
             ... on level 4 of the Dungeon.
             The game lasted 00:08:08 (4359 turns).

zenocrate the Sneak (Vine Stalker Enchanter)        Turns: 4359, Time: 00:08:08

Health: -14/32     AC:  6    Str: 11    XL:     7   Next: 24%
Magic:  0/11       EV: 12    Int: 21    God:
Gold:   158        SH:  0    Dex: 22    Spells: 2/10 levels left

rFire   . . .        a - +1 dagger (elec)
rCold   . . .        (no shield)
rNeg    . . .        e - +0 robe
rPois   .            t - +0 helmet
rElec   .            (no cloak)
rCorr   .            (no gloves)
SInv    .            r - +2 pair of boots
Will    .....        d - amulet of the acrobat
Stlth   ++++         k - +6 ring of dexterity
HPRegen 1.05/turn    f - +6 ring of intelligence
MPRegen 0.12/turn

%: acrobat, guardian spirit
@: very slightly contaminated
A: fangs 2, regeneration 1, magic shield, antimagic bite, no potion heal 2
a: no special abilities


You were on level 4 of the Dungeon.
You visited 1 branch of the dungeon, and saw 5 of its levels.
You also visited: Sewer.

You collected 158 gold pieces.

Inventory:

Hand Weapons
 a - a +1 dagger of electrocution (weapon)
 b - a +2 dagger of venom
 x - a +1 dagger
Armour
 e - a +0 robe (worn)
 r - a +2 pair of boots (worn)
 t - a +0 helmet (worn)
Jewellery
 d - an amulet of the acrobat (around neck)
 f - a +6 ring of intelligence (right hand)
 g - a ring of positive energy
 i - an amulet of reflection
 k - a +6 ring of dexterity (left hand)
 l - a ring of magical power
Wands
 j - a wand of charming (10)
Scrolls
 m - a scroll of amnesia
 n - a scroll of blinking
 v - a scroll of enchant armour
 w - a scroll of fog
 y - a scroll of teleportation
 A - a scroll of identify
Potions
 c - 2 potions of invisibility
 h - a potion of enlightenment {unknown}
 o - 2 potions of mutation {unknown}
 p - 2 potions of lignification {unknown}
 q - 3 potions of curing {unknown}
 s - 2 potions of might {unknown}
 u - a potion of brilliance {unknown}
 z - a potion of degeneration {unknown}


   Skills:
 + Level 3.1 Short Blades
 + Level 1.7 Armour
 - Level 1.5 Dodging
 + Level 5.8 Stealth
 - Level 2.1 Spellcasting
 + Level 4.5 Hexes
 + Level 3.2 Ice Magic


You had 2 spell levels left.
You knew the following spells:

 Your Spells              Type           Power      Damage    Failure   Level
a - Ensorcelled Hibernat  Hex/Ice        36%        N/A       4%          2
b - Confusing Touch       Hex            21%        N/A       7%          3
c - Tukima's Dance        Hex            21%        N/A       7%          3

Your spell library contained the following spells:

 Spells                   Type           Power      Damage    Failure   Level
 Foxfire                  Conj/Fire      8%         2x1d4     14%         1
 Scorch                   Fire           4%         2d5       22%         2
 Dazzling Flash           Conj/Hex       22%        N/A       17%         3
 Flame Wave               Conj/Fire      2%         2d4       82%         4
 Plasma Beam              Fire/Air       1%         2x1d11    100%        6
 Starburst                Conj/Fire      1%         6d3       100%        6
 Summon Cactus Giant      Summ           1%         N/A       100%        6


Dungeon Overview and Level Annotations

Branches:
Dungeon (5/15)              Sewer (visited)
 Temple: D:4-7

Altars:
Dithmenos
Elyvilon
Hepliaklqana
Kikubaaqudgha
Wu Jian


Innate Abilities, Weirdness & Mutations

You have extremely sharp teeth.
Your natural rate of healing is unusually fast.
When hurt, damage is shared between your health and your magic reserves.
Your bite disrupts and absorbs the magic of your enemies.
Potions cannot restore your health.


Message History

The orc wizard flickers and vanishes!
The orc wizard attacks as it pursues you!
The orc wizard misses you.
A puff of flame appears from out of thin air!
The puff of flame hits you.
The orc wizard attacks as it pursues you!
The orc wizard completely misses you.
There is a stone staircase leading up here.
Casting: Ensorcelled Hibernation (safe; 4% risk of failure)
Confirm with . or Enter, or press ? or * to list all spells.
Aiming: Ensorcelled Hibernation (safe; 4% risk of failure)
Press: ? - help, Shift-Dir - straight line, f - orc wizard
Aim: an orc wizard, wielding a +0 dagger and wearing a +0 robe (chance to affect: 50%)
The orc wizard looks drowsy...
The helpless orc wizard fails to defend itself.
You stick the orc wizard like a pincushion!!!
Lightning courses through the orc wizard!
You kill the orc wizard!
The ogre hits you with a +0 giant club.
The ogre hits you with a +0 giant club!!
You climb upwards.
Reactivating autopickup.
There is a stone staircase leading down here.
Casting: Ensorcelled Hibernation (safe; 4% risk of failure)
Confirm with . or Enter, or press ? or * to list all spells.
Aiming: Ensorcelled Hibernation (safe; 4% risk of failure)
Press: ? - help, Shift-Dir - straight line, f - ogre
Aim: an ogre, wielding a +0 giant club (chance to affect: 50%)
You miscast Ensorcelled Hibernation.
You are very lightly contaminated with residual magic.
Nothing appears to happen.
Casting: Ensorcelled Hibernation (safe; 4% risk of failure)
Confirm with . or Enter, or press ? or * to list all spells.
You don't have enough magic to cast this spell.
Unknown command.
You hit the ogre. You bite the ogre, but do no damage.
The ogre is lightly wounded.
The ogre hits you with a +0 giant club!!
Ouch! That really hurt!
You die...

##.#...##.#.........####<..##
##.#..###.##.......#........#
#.........###.....##.###.##.#
.....###### ##...###.# #.##.#
#...## ##+####.# #.##.# ##.##
#.###..# #.##.# #.#
#.##.#.###.##.# #.# #####
##.#.##..##.##.# #.#
#...#####..@###.#.#.##.#
#.###.........O............#
#...[...#####...##.##.#.####
######### ##.#.#.#.##.#
#.##.......# #.###.###### #.#
### #.# #.#


You could see an ogre.

Vanquished Creatures
  A kobold brigand (Sewer)
  Ijyb (D:3)
  Jessica (D:3)
  An iguana (D:4)
  Natasha (D:4)
  2 orc wizards
  Terence (D:3)
  Robin (D:3)
  8 adders
  6 river rats
  10 worms
  2 dart slugs
  14 orcs
  4 bats
  5 endoplasms
  3 giant cockroaches
  16 goblins
  14 hobgoblins
  A quokka (D:2)
  10 ball pythons
  4 frilled lizards
  10 kobolds
  7 rats
123 creatures vanquished.

Notes
Turn   | Place    | Note
-------+----------+-------------------------------------------
     0 | D:1      | zenocrate the Vine Stalker Enchanter began the quest for
                  | the Orb.
     0 | D:1      | Reached XP level 1. HP: 9/9 MP: 4/4
    82 | D:1      | Reached skill level 1 in Short Blades
   269 | D:1      | Reached XP level 2. HP: 13/13 MP: 6/6
   331 | D:1      | Reached skill level 4 in Stealth
   940 | D:2      | Learned a level 2 spell: Ensorcelled Hibernation
   963 | D:2      | Reached XP level 3. HP: 16/16 MP: 4/7
   967 | D:2      | Learned a level 3 spell: Confusing Touch
  1177 | D:2      | Found an ancient bone altar of Kikubaaqudgha.
  1386 | D:2      | Reached skill level 1 in Ice Magic
  1397 | D:2      | Reached XP level 4. HP: 21/21 MP: 5/8
  1585 | D:3      | Noticed Jessica
  1596 | D:3      | Killed Jessica
  1836 | D:3      | Reached XP level 5. HP: 22/24 MP: 6/9
  1865 | D:3      | Noticed Robin
  1875 | D:3      | Killed Robin
  1965 | D:3      | Noticed Terence
  1972 | D:3      | Killed Terence
  2012 | D:3      | Found a faded altar of an unknown god.
  2081 | D:3      | Found an ornate altar of the Wu Jian Council.
  2082 | D:3      | Noticed Ijyb
  2087 | D:3      | Killed Ijyb
  2378 | D:3      | Found a white marble altar of Elyvilon.
  2382 | D:3      | Reached skill level 5 in Stealth
  2397 | D:3      | Found a shadowy altar of Dithmenos.
  2458 | D:3      | Reached XP level 6. HP: 28/28 MP: 8/10
  2691 | D:3      | Learned a level 3 spell: Tukima's Dance
  2882 | D:4      | Reached skill level 1 in Armour
  3107 | D:4      | Found a glowing drain.
  3114 | Sewer    | Entered a sewer
  3364 | Sewer    | Reached XP level 7. HP: 32/32 MP: 11/11
  3759 | D:4      | Noticed Natasha
  3774 | D:4      | Killed Natasha
  3868 | D:4      | Found a hazy altar of Hepliaklqana.
  4339 | D:5      | Entered Level 5 of the Dungeon
  4359 | D:4      | Demolished by an ogre

Illustrated notes

Levels and vault maps discovered:
D:1:      orjb1_lava_funnel, layout_loops_corners
D:2:      layout_rooms, basic_altar
D:3:      layout_basic, lemuel_doored_altar, nicolae_dithmenos_the_darkroom,
          old_standard_altar, hellmonk_ecumenical_altar_crossroads,
          chequers_decorated_corner, uniq_robin, uniq_terence, uniq_ijyb,
          uniq_jessica
D:4:      layout_loops_corners, kennysheep_mini_moat, lightli_sewer_entry_pipes,
          nicolae_ossuary_entry_monument, uniq_natasha
D:5:      layout_cave_pools

Skill      XL: |  1  2  3  4  5  6 |
---------------+-------------------+-----
Short Blades   | 1 2 3 |  3.1
Stealth        | 4 5 |  5.8
Ice Magic      | 1 2 3 |  3.2
Hexes          | 4 |  4.5
Armour         | 1 |  1.7
Dodging        | |  1.5
Spellcasting   | |  2.1

Action                     |  1- 3 |  4- 6 |  7- 9 || total
---------------------------+-------+-------+-------++-------
  Melee: Dagger            |   107 |   185 |    54 ||   346
         Bite              |    26 |    37 |    14 ||    77
         Punch             |       |     1 |       ||     1
   Cast: Ensorcelled Hiber |     8 |    31 |     5 ||    44
         Confusing Touch   |     1 |     2 |       ||     3
    Use: Scroll            |       |     7 |     3 ||    10
   Stab: Sleeping          |    16 |    26 |     4 ||    46
         Confused          |       |     1 |       ||     1
 Armour: Robe              |    37 |    87 |    51 ||   175
  Dodge: Dodged            |    64 |   134 |    34 ||   232

Table legend: (Time is in decaauts)
 A = Elapsed time spent in this place.
 B = Non-inter-level travel time spent in this place.
 C = Inter-level travel time spent in this place.
 D = Time resting spent in this place.
 E = Time spent auto-exploring this place.
 F = Levels seen in this place.
 G = Mean time per level.
                   A        B        C        D        E       F      G
               +--------+--------+--------+--------+--------+-----+--------+
         Total |   4422 |   4295 |    127 |    121 |   3183 |   6 |  737.0 |
       Dungeon |   4014 |   3887 |    127 |    121 |   2944 |   5 |  802.8 |
         Sewer |    407 |    407 |      0 |      0 |    239 |   1 |  407.0 |
               +--------+--------+--------+--------+--------+-----+--------+

Top non-repeatable levels by time:
     D:4: 1303 daAuts
     D:3: 1017 daAuts
     D:1: 932 daAuts
     D:2: 744 daAuts
   Sewer: 407 daAuts
     D:5: 17 daAuts
